 Dungeon Crawl Stone Soup version 0.31-a0-691-g409c26aa35 (webtiles) character file.

Game seed: 17425919469894059618

1078 qw the Skirmisher (level 8, -1/49 HPs)
             Began as a Gargoyle Hunter on Sept 6, 2023.
             Slain by Pikel
             ... wielding a +0 whip of flaming
              (2 damage)
             ... on level 6 of the Dungeon.
             The game lasted 00:02:00 (4460 turns).

qw the Skirmisher (Gargoyle Hunter)                 Turns: 4460, Time: 00:02:00

Health: -1/49      AC: 17    Str: 16    XL:     8   Next: 29%
Magic:  8/8        EV: 11    Int:  9    God:
Gold:   357        SH:  0    Dex: 15    Spells: 7/7 levels left

rFire   . . .        Y - +0 shortbow
rCold   . . .        (shield currently unavailable)
rNeg    + . .        a - +0 ring mail
rPois   inf          g - +0 helmet
rElec   +            (no cloak)
rCorr   .            b - +0 pair of gloves
SInv    .            (no boots)
Will    .....        i - amulet of the acrobat
Stlth   +            h - +4 ring of protection
HPRegen 0.28/turn    (no ring)
MPRegen 0.11/turn

%: acrobat
@: about to teleport
A: sickness immunity, AC +5, negative energy resistance 1, electricity
resistance, torment resistance 1, petrification resistance
a: no special abilities


You were on level 6 of the Dungeon.
You visited 1 branch of the dungeon, and saw 6 of its levels.

You collected 357 gold pieces.


Innate Abilities, Weirdness & Mutations

You are immune to sickness and miasma.
Your stone body is resilient. (AC +5)
You are immune to poison.
You resist negative energy. (rN+)
You are resistant to electric shocks. (rElec)
You are resistant to unholy torment.
You are immune to petrification.


   Skills:
 - Level 5.3 Fighting
 + Level 8.8 Ranged Weapons
 - Level 2.2 Armour
 - Level 2.0 Dodging
 - Level 1.1 Stealth


You had 7 spell levels left.
You didn't know any spells.
Your spell library was empty.

Inventory:

Hand Weapons
 Y - a +0 shortbow (weapon)
Armour
 a - a +0 ring mail (worn)
 b - a +0 pair of gloves (worn)
 f - a +2 leather armour of poison resistance
 g - a +0 helmet (worn)
Jewellery
 h - a +4 ring of protection (left hand)
 i - an amulet of the acrobat (around neck)
Scrolls
 c - a scroll of identify
 m - a scroll of teleportation
Potions
 d - a potion of haste {unknown}
 e - a potion of degeneration {unknown}
 j - a potion of heal wounds {unknown}
 k - a potion of curing
 l - a potion of cancellation {unknown}

Dungeon Overview and Level Annotations

Branches:
Dungeon (6/15)
 Temple: D:4-7

Altars:
Cheibriados
Vehumet

Annotations:
D:3 2 transporters, exclusion: 2 hobgoblins, qw's ghost, amateur GrHs
D:6 Eustachio; Pikel


Message History

You shoot an arrow. The arrow misses Pikel.
The arrow barely misses the lemure.
The arrow hits Eustachio.
Eustachio is lightly wounded.
The lemure hits you. The river rat barely misses you.
The lemure hits you but does no damage.
Pikel hits you with a +0 whip of flaming!
Pikel burns you.
Eustachio brags, "I can call spirits from the vasty deep."
You shoot an arrow. The arrow hits Pikel.
Pikel is severely wounded.
The lemure hits you. The river rat misses you. The lemure closely misses you.
Pikel completely misses you.
Eustachio mumbles some strange words.
Eustachio blinks!
You shoot an arrow. The arrow barely misses Pikel.
The arrow hits the lemure.
The lemure is lightly wounded.
The lemure hits you but does no damage. The river rat bites you.
The lemure hits you but does no damage.
Pikel hits you with a +0 whip of flaming.
Pikel burns you.
4458 ||| READING 2 scrolls of teleportation.
As you read the scroll of teleportation, it crumbles to dust.
You feel strangely unstable. The lemure hits you but does no damage.
The river rat completely misses you. The lemure hits you but does no damage.
Pikel hits you but does no damage.
You shoot an arrow. The arrow closely misses Pikel.
The arrow barely misses the lemure.
The arrow hits Eustachio.
Eustachio is lightly wounded.
The lemure hits you but does no damage. The river rat bites you.
The lemure hits you but does no damage. Pikel completely misses you.
You shoot an arrow. The arrow closely misses Pikel.
The arrow hits the lemure!
The lemure is moderately wounded.
The lemure completely misses you.
The river rat bites you but does no damage.
The lemure hits you. Pikel waves his whip at you.
Pikel hits you with a +0 whip of flaming.
Pikel burns you.
You die...
Pikel says, "See you in Hell!"

....# #...... #........
##........ ##.........
##..........
###r......~~~~ #....#
###@K5@......(..
##.....###.r55...........
#......#.........$######
#.................#
#.................#
#.................#
#.................#
#.................#
.......<..........#


You could see Eustachio, Pikel, 3 lemures, a river rat (summoned) and a quokka
(summoned).

Vanquished Creatures
  Grinder (D:3)
  2 black bears
  A lemure (D:6)
  2 phantoms (D:5)
  2 scorpions
  A howler monkey (D:4)
  A hound (D:3)
  A jelly (D:5)
  An iguana (D:5)
  2 orc wizards (D:5)
  A statue (D:4)
  6 gnolls (D:4)
  5 adders
  A white imp (D:5)
  3 ufetubi
  A worm (D:4)
  3 dart slugs
  6 orcs (D:5)
  6 ball pythons
  12 bats
  11 endoplasms
  2 giant cockroaches
  10 hobgoblins
  7 jackals
  5 quokkas
  3 frilled lizards (D:1)
  11 goblins
  6 kobolds
  4 rats
117 creatures vanquished.

Notes
Turn   | Place    | Note
-------+----------+-------------------------------------------
     0 | D:1      | qw the Gargoyle Hunter began the quest for the Orb.
     0 | D:1      | Reached XP level 1. HP: 12/12 MP: 1/1
     0 | D:1      | 0 ||| qw: Version: 0.3-a-76-g4403597
     0 | D:1      | 0 ||| qw: Game counter: 45
     0 | D:1      | 0 ||| qw: Melee chars always use a shield: true
     0 | D:1      | 0 ||| qw: God list: Okawaru
     0 | D:1      | 0 ||| qw: Allow faded altars: false
     0 | D:1      | 0 ||| qw: Do Orc after clearing Dungeon:15 true
     0 | D:1      | 0 ||| qw: Do second Lair branch before Depths: true
     0 | D:1      | 0 ||| qw: Lair rune preference: random
     0 | D:1      | 0 ||| qw: Goals: Normal
     0 | D:1      | 0 ||| PLANNING D:1-11
   214 | D:1      | Reached XP level 2. HP: 17/17 MP: 2/2
   273 | D:1      | Found a faded altar of an unknown god.
   385 | D:1      | Reached XP level 3. HP: 21/21 MP: 3/3
   421 | D:1      | Reached skill level 5 in Ranged Weapons
   843 | D:1      | 843 ||| UPGRADING to +0 helmet.
   848 | D:1      | 848 ||| UPGRADING to +4 ring of protection.
   849 | D:1      | 849 ||| READING scroll labelled JIPOPO RUMOWEO.
   850 | D:1      | 850 ||| DROPPING scroll of butterflies.
   994 | D:2      | Reached skill level 3 in Fighting
  1052 | D:2      | Reached XP level 4. HP: 28/28 MP: 4/4
  1270 | D:2      | 1270 ||| UPGRADING to +0 ring mail.
  1280 | D:2      | 1280 ||| DROPPING +0 leather armour.
  1281 | D:2      | 1281 ||| UPGRADING to amulet of the acrobat.
  1286 | D:2      | 1286 ||| DROPPING ring of wizardry.
  1287 | D:2      | 1287 ||| READING scroll labelled TOGOSU XEERI.
  1288 | D:2      | 1288 ||| READING scroll labelled ACZOKKY SEEQ.
  1401 | D:3      | Reached skill level 1 in Armour
  1485 | D:3      | 1485 ||| DROPPING +6 ring of intelligence.
  1489 | D:3      | 1489 ||| FLEEEEING.
  1721 | D:3      | Noticed Grinder
  1738 | D:3      | Paralysed by Grinder for 2 turns
  1745 | D:3      | Killed Grinder
  1746 | D:3      | Reached skill level 7 in Ranged Weapons
  1746 | D:3      | Reached XP level 5. HP: 17/32 MP: 5/5
  1746 | D:3      | Reached XP level 6. HP: 19/37 MP: 6/6
  1876 | D:3      | Found a transporter.
  1876 | D:3      | Noticed qw's ghost (amateur GrHs)
  1931 | D:3      | Found a transporter.
  2292 | D:3      | 2292 ||| UPGRADING to +0 pair of gloves.
  2368 | D:4      | Noticed a black bear
  2375 | D:4      | 2375 ||| STAIRDANCE
  2377 | D:3      | Killed a black bear
  2415 | D:4      | 2415 ||| STAIRDANCE
  2487 | D:4      | Found a radiant altar of Vehumet.
  2496 | D:4      | 2496 ||| FLEEEEING.
  2501 | D:4      | 2501 ||| STAIRDANCE
  2547 | D:4      | Reached XP level 7. HP: 40/43 MP: 7/7
  3193 | D:4      | 3193 ||| READING scroll labelled RAR KIRONOMM.
  3194 | D:4      | 3194 ||| READING 3 scrolls labelled UXOBUY RIOPRA.
  3197 | D:4      | 3197 ||| READING scroll labelled ROMIEB YMUCRAI.
  3311 | D:5      | Entered Level 5 of the Dungeon
  3319 | D:5      | 3319 ||| STAIRDANCE
  3323 | D:4      | Reached skill level 8 in Ranged Weapons
  3572 | D:5      | Noticed a torpor snail
  3573 | D:5      | Found a snail-covered altar of Cheibriados.
  3574 | D:5      | Noticed a torpor snail
  3574 | D:5      | Noticed a torpor snail
  3653 | D:5      | Reached XP level 8. HP: 49/49 MP: 8/8
  4367 | D:5      | 4367 ||| DRINKING 2 coppery potions.
  4372 | D:5      | 4372 ||| DRINKING 2 clear potions.
  4373 | D:5      | 4373 ||| DROPPING potion of ambrosia.
  4431 | D:6      | Noticed Pikel
  4438 | D:6      | Noticed Eustachio
  4439 | D:6      | 4439 ||| Stepping ~*~*~tactically~*~*~ (retreating).
  4440 | D:6      | 4440 ||| Stepping ~*~*~tactically~*~*~ (retreating).
  4441 | D:6      | 4441 ||| Stepping ~*~*~tactically~*~*~ (retreating).
  4442 | D:6      | 4442 ||| Stepping ~*~*~tactically~*~*~ (retreating).
  4443 | D:6      | 4443 ||| RETREATING.
  4457 | D:6      | HP: 12/49 [river rat[Eustachio] (2)]
  4458 | D:6      | 4458 ||| READING 2 scrolls of teleportation.
  4460 | D:6      | HP: 4/49 [lemure[Pikel] (4)]
  4460 | D:6      | HP: 1/49 [Pikel/+0 whip of flaming (3)]
  4460 | D:6      | Slain by Pikel

Levels and vault maps discovered:
D:1:      dpeg_cavernosity, layout_basic, basic_ecumenical_altar,
          item_on_display_a
D:2:      cheibrodos_old_hovel, layout_rooms
D:3:      layout_loops_corners, gammafunk_ghost_arena, minmay_goblin_outpost,
          uniq_grinder
D:4:      nicolae_BIG_FREAKIN_CUBE, layout_rooms, vehumet_statue,
          grunt_decor_fettered, grunt_decor_arrowhead
D:5:      layout_basic, cheibriados_altar_2, serial_aquarium,
          aquarium_bridge_square [aquarium_subvault_wall,
          aquarium_subvault_wall, aquarium_subvault_bridge,
          aquarium_subvault_bridge], aquarium_bridge_square
          [aquarium_subvault_window, aquarium_subvault_wall,
          aquarium_subvault_bridge, aquarium_subvault_bridge],
          aquarium_window_1, aquarium_window_1, aquarium_view_2c,
          aquarium_view_2d, aquarium_pool_corner
D:6:      wad_crossroads, layout_cave_pods, minitemple,
          mainiacjoe_overflow_boulevard, minmay_temple_entry_slanted,
          gammafunk_ghost_grave, serial_shops, nicolae_shop_real_fake_doors,
          uniq_eustachio, uniq_pikel

Skill      XL: |  1  2  3  4  5  6  7 |
---------------+----------------------+-----
Ranged Weapons | 5 7 8 |  8.8
Fighting       | 3 4 5 |  5.3
Armour         | 1 2 |  2.2
Dodging        | 2 |  2.0
Stealth        | |  1.1

Action                     |  1- 3 |  4- 6 |  7- 9 || total
---------------------------+-------+-------+-------++-------
   Fire: Shortbow          |   143 |   109 |   259 ||   511
    Use: Scroll            |     1 |     2 |     4 ||     7
         Potion            |       |       |     2 ||     2
 Armour: Leather armour    |    44 |     1 |       ||    45
         Ring mail         |       |    44 |   139 ||   183
  Dodge: Dodged            |    50 |    28 |   121 ||   199

Table legend:
 A = Non-vault XP
 B = Vault XP
 C = Vault XP percentage of total XP
 D = Non-vault monster count
 E = Vault monster count
 F = Vault count percentage of total count
                 A         B        C        D         E       F
            +---------+---------+-------+---------+---------+-------
      Total |    1220 |     321 |  20.8 |     104 |      12 |  10.3
            +---------+---------+-------+---------+---------+-------
        D:1 |      46 |       5 |   9.8 |      26 |       4 |  13.3
        D:2 |      35 |       2 |   5.4 |      16 |       1 |   5.9
        D:3 |     215 |     282 |  56.7 |      14 |       6 |  30.0
        D:4 |     349 |      32 |   8.4 |      30 |       1 |   3.2
        D:5 |     495 |       0 |   0.0 |      17 |       0 |   0.0
        D:6 |      80 |       0 |   0.0 |       1 |       0 |   0.0
            +---------+---------+-------+---------+---------+-------
